 Dungeon Crawl Stone Soup version 0.31-a0-836-g3ceb0a68c4 (webtiles) character file.

Game seed: 14589789700828005690

39 senseless the Changeling (level 3, 0/29 HPs)
             Began as a Draconian Shapeshifter on Sept 26, 2023.
             Was an Initiate of Qazlal.
             Constricted to death by Ijyb (4 damage)
             ... on level 3 of the Dungeon.
             The game lasted 00:03:24 (1546 turns).

senseless the Changeling (Draconian Shapeshifter)   Turns: 1546, Time: 00:03:26

Health: 0/29       AC:  5    Str: 18    XL:     3   Next: 28%
Magic:  3/3        EV:  8    Int: 10    God:    Qazlal [......]
Gold:   56         SH:  5    Dex: 10    Spells: 2/2 levels left

rFire   . .          .
                       - Unarmed
rCold   . . .        o - +2 buckler
rNeg    . . .        (body armour unavailable)
rPois   .            (helmet currently unavailable)
rElec   .            (cloak currently unavailable)
rCorr   .            (gloves currently unavailable)
SInv    .            (boots currently unavailable)
Will    .....        (no amulet)
Stlth   +            (no ring)
HPRegen 0.24/turn    (no ring)
MPRegen 0.08/turn

%: no passive effects
@: beast-form, grasped by roots, constricted
A: beast (slay +2), AC +5, unfitting armour, cold-blooded
a: Begin Untransformation, Renounce Religion


You were on level 3 of the Dungeon.
You worshipped Qazlal.
Qazlal was noncommittal.
You were a hulking beast.
You visited 1 branch of the dungeon, and saw 3 of its levels.

You collected 56 gold pieces.

Inventory:

Hand Weapons
 a - a +0 sling
Armour
 n - a +0 buckler
 o - a +2 buckler (worn)
Talismans
 b - a beast talisman (active)
 c - a flux talisman
Scrolls
 d - 2 scrolls of fear {unknown}
 f - a scroll of noise {unknown}
 g - a scroll of blinking {unknown}
 j - 2 scrolls of identify {unknown}
 k - a scroll of enchant armour {unknown}
 l - a scroll of brand weapon {unknown}
 m - a scroll of teleportation {unknown}
 p - a scroll of amnesia {unknown}
Potions
 e - a potion of enlightenment {unknown}
 h - a potion of degeneration {unknown}
 i - a potion of lignification


   Skills:
 + Level 1.8 Fighting
 + Level 2.1 Dodging
 + Level 3.3 Unarmed Combat
 * Level 3.5 Shapeshifting


You had 2 spell levels left.
You didn't know any spells.
Your spell library contained the following spells:

 Spells                   Type           Power      Damage    Failure   Level
 Sandblast                Erth           0%         2d4       45%         1
 Cigotuvi's Dreadful Rot  Necr/Pois/Air  0%         N/A       58%         2
 Passwall                 Tmut/Erth      0%         N/A       58%         2
 Static Discharge         Conj/Air       0%         2-2/arc   58%         2
 Stone Arrow              Conj/Erth      0%         3d7       83%         3
 Airstrike                Air            0%         2d(0-16)  99%         4
 Brom's Barrelling Bould  Conj/Erth      0%         2d3       99%         4
 Dispel Undead            Necr           0%         3d6       99%         4
 Summon Lightning Spire   Summ/Air       0%         N/A       99%         4
 Death Channel            Necr           0%         N/A       100%        6


Dungeon Overview and Level Annotations

Branches:
Dungeon (3/15)

Altars:
Qazlal

Annotations:
D:3 Ijyb


Innate Abilities, Weirdness & Mutations

You are a hulking beast.
Your limbs bulge with bestial killing power. (Slay +2)
Your plain brown scales are hard. (AC +5)
You cannot fit into any form of body armour.
You are cold-blooded and may be slowed by cold attacks.


Message History

You shoot a sling bullet.
The sling bullet barely misses the quokka.
The grasping roots constrict you.
You shoot a sling bullet.
The sling bullet closely misses the quokka.
The sling bullet hits Ijyb.
Ijyb is lightly wounded.
The grasping roots constrict you.
The quokka bites you but does no damage.
The grasping roots constrict you.
The grasping roots release their grip on you.
You are now empty-handed.
The quokka barely misses you.
You hit Ijyb but do no damage. You tail-slap Ijyb, but do no damage.
Ijyb is lightly wounded.
You block the quokka's attack. Ijyb hits you but does no damage.
You hit Ijyb.
Ijyb is moderately wounded.
The quokka closely misses you. You block Ijyb's attack.
You barely miss Ijyb.
Your tail-slap misses Ijyb.
Ijyb is moderately wounded.
The quokka bites you but does no damage.
Ijyb barely misses you.
You hit Ijyb but do no damage.
Ijyb is moderately wounded.
The quokka bites you.
Ijyb zaps a wand.
The roots erupt in riotous growth!
The grasping roots grab you!
Ijyb is unaffected.
The quokka is unaffected.
The grasping roots constrict you.
The quokka bites you but does no damage.
You closely miss Ijyb.
Ijyb is moderately wounded.
Ijyb hits you with a +0 club. The grasping roots constrict you.
* * * LOW HITPOINT WARNING * * *
The quokka completely misses you.
You closely miss Ijyb.
Ijyb is moderately wounded.
The quokka bites you but does no damage.
Ijyb hits you with a +0 club.
* * * LOW HITPOINT WARNING * * *
The grasping roots constrict you.
You die...

#.....).....#
#...........#
#...........#
#.....†..†..# ######
#...........#
#....###...........#
#..................##
+....................
#...h....###.........
###gr##### #...######
...w. .......
#.....[. .#...#.#
#.=#~~#.. ....#.#
#..~~~~..# .... .
#..~~~~..# #..#~~#..#


You could see Ijyb, a worm and a quokka.

Vanquished Creatures
  2 adders
  2 bats (D:1)
  An endoplasm (D:3)
  A giant cockroach (D:2)
  3 goblins
  A jackal (D:1)
  4 kobolds
  A quokka (D:1)
  3 ball pythons
  2 frilled lizards (D:2)
  2 rats (D:2)
22 creatures vanquished.

Notes
Turn   | Place    | Note
-------+----------+-------------------------------------------
     0 | D:1      | senseless the Draconian Shapeshifter began the quest for
                  | the Orb.
     0 | D:1      | Reached XP level 1. HP: 16/16 MP: 1/1
   162 | D:1      | Reached XP level 2. HP: 19/23 MP: 2/2
   898 | D:2      | Found a stormy altar of Qazlal.
   926 | D:2      | Became a worshipper of Qazlal Stormbringer
  1190 | D:2      | Found a faded altar of an unknown god.
  1448 | D:3      | Reached XP level 3. HP: 24/29 MP: 3/3
  1531 | D:3      | Noticed Ijyb
  1546 | D:3      | Constricted to death by Ijyb

Illustrated notes

Levels and vault maps discovered:
D:1:      dpeg_arrival_brainrot, layout_loops_ring, roderic_serpentine_path,
          minivault_11
D:2:      layout_rooms, ebering_ecumenical_altar_rust, basic_altar
D:3:      layout_basic, gammafunk_temple_overflow_wave, serial_park_tiny_pond,
          kennysheep_generic_room_6, uniq_ijyb

Skill      XL: |  1  2 |
---------------+-------+-----
Dodging        | 2 |  2.1
Fighting       | |  1.8
Unarmed Combat | |  3.3
Shapeshifting  | |  3.5

Action                     || total
---------------------------++-------
  Melee: Unarmed           ||    45
         Punch             ||     1
         Tailslap          ||     2
   Fire: Sling             ||    30
    Use: Potion            ||     1
 Armour: Skin              ||    35
  Dodge: Dodged            ||    24
  Block: Buckler           ||     5

Table legend: (Time is in decaauts)
 A = Elapsed time spent in this place.
 B = Non-inter-level travel time spent in this place.
 C = Inter-level travel time spent in this place.
 D = Time resting spent in this place.
 E = Time spent auto-exploring this place.
 F = Levels seen in this place.
 G = Mean time per level.
                   A        B        C        D        E       F      G
               +--------+--------+--------+--------+--------+-----+--------+
         Total |   1545 |   1427 |    118 |      0 |   1241 |   3 |  515.0 |
       Dungeon |   1545 |   1427 |    118 |      0 |   1241 |   3 |  515.0 |
               +--------+--------+--------+--------+--------+-----+--------+

Top non-repeatable levels by time:
     D:1: 861 daAuts
     D:2: 542 daAuts
     D:3: 142 daAuts
